Map: 10000 Feet LE

Players

khellendross - Winner!

  • Race: Protoss Protoss
  • League: Platinum
  • Spawn Location: 11:00

Greatmove

  • Race: Zerg Zerg
  • League: Master
  • Spawn Location: 5:00

VOD

Have the link to the VOD?

Description

Time

  • Played on: Feb. 5, 2026, 12:36 p.m.
  • Length: 4:42
Show
View Real Time Build Order
Export as new Build Order

khellendross Protoss - Winner!

Build Orders: Dark Templar Rush 

Get SALT Encoding   

  12  0:00  Probe  
  13  0:14  Pylon  
  13  0:18  Probe  
  14  0:27  Probe  
  14  0:35  Probe  
  15  0:38  Gateway  
  16  0:44  Probe, Assimilator  
  17  0:52  Assimilator  
  17  0:56  Probe  
  18  1:08  Probe  
  19  1:16  Probe  
  19  1:24  Probe  
  20  1:27  Cybernetics Core  
  21  1:35  Probe  
  22  1:46  Gateway  
  22  1:47  Probe  
  22  1:49  Gateway  
  23  1:54  Warp Gate  
  23  2:00  Pylon  
  23  2:19  Twilight Council  
  23  2:22  Robotics Facility  
  23  2:29  Gateway  
  23  2:42  Pylon  
  23  2:59  Dark Shrine, Warp Prism  
  25  3:22  Shield Battery  
  25  3:43  Stalker  
  26  4:04  Probe  
  27  4:11  Dark Templar x3  
  27  4:12  Dark Templar  
Show
View Real Time Build Order
Export as new Build Order

Greatmove Zerg 

Build Orders: Pool First 

Get SALT Encoding   

  12  0:01  Drone  
  13  0:09  Drone  
  14  0:17  Overlord  
  14  0:34  Spawning Pool  
  13  0:40  Drone  
  13  0:41  Drone  
  15  0:44  Drone  
  16  0:51  Drone  
  16  0:56  Extractor  
  16  1:02  Drone  
  17  1:13  Drone  
  18  1:23  Queen  
  18  1:24  Drone  
  21  1:42  Hatchery  
  21  1:43  Drone  
  21  1:45  Drone  
  22  1:57  Overlord  
  22  2:06  Extractor, Drone  
  22  2:24  Drone  
  23  2:32  Zergling x4  
  23  2:33  Zergling x4  
  27  2:41  Overlord  
  27  2:52  Zergling x2  
  27  2:54  Drone  
  29  3:03  Drone  
  30  3:08  Queen  
  30  3:09  Drone  
  33  3:20  Metabolic Boost  
  33  3:22  Drone x4  
  33  3:26  Drone  
  38  3:34  Drone  
  38  3:40  Zergling x2  
  40  3:47  Zergling x2  
  41  3:52  Zergling x2  
  42  3:55  Zergling x4  
  42  3:58  Overlord x2  
  44  4:17  Overlord  
Tags
 
Add a new tag
Caveats
  • Supply blocks, unpowered buildings, or Contaminate may cause inaccurate times.
  • Supply counts are checked every 10 seconds.